 Dungeon Crawl Stone Soup version 0.20-b1-24-gb21faa7 (webtiles) character file.

38 KeyserSoze the Skirmisher (level 3, -8/21 HPs)
             Began as a Vine Stalker Fighter on May 25, 2017.
             Mangled by FakerFangirl's ghost (11 damage)
             ... on level 3 of the Dungeon.
             The game lasted 00:03:03 (510 turns).

KeyserSoze the Skirmisher (Vine Stalker Fighter)     Turns: 510, Time: 00:03:04

Health: -8/21      AC:  6    Str: 23    XL:     3   Next: 43%
Magic:  0/4        EV:  7    Int:  8    God:
Gold:   36         SH:  9    Dex: 14    Spells: 2/2 levels left

rFire    . . .     SeeInvis .   a - +0 war axe
rCold    . . .     Gourm    .   c - +0 shield
rNeg     . . .     Faith    .   b - +0 scale mail
rPois    .         Spirit   +   (no helmet)
rElec    .         Reflect  .   (no cloak)
rCorr    .         Harm     .   (no gloves)
MR       .....                  (no boots)
Stlth    ..........             (no amulet)
Regen    0.1/turn               (no ring)
MPRegen  0.1/turn               (no ring)

@: mighty
A: fangs 2, magic shield, antimagic bite, no potion heal 3, rot immunity
a: no special abilities


You were on level 3 of the Dungeon.
You were not hungry.

You visited 1 branch of the dungeon, and saw 3 of its levels.

You collected 36 gold pieces.

Inventory:

Hand Weapons
 a - a +0 war axe (weapon)
 g - a +0 hunting sling
Missiles
 k - 10 poisoned needles
Armour
 b - a +0 scale mail (worn)
 c - a +0 shield (worn)
Scrolls
 e - 2 scrolls of teleportation {unknown}
 h - a scroll of immolation {unknown}
 j - a scroll of amnesia {unknown}
 l - a scroll of blinking {unknown}
Potions
 d - a potion of might
 i - a potion of curing {unknown}
Comestibles
 f - 2 bread rations
 m - 3 chunks of flesh


   Skills:
 + Level 4.0 Fighting
 - Level 1.7 Axes
 - Level 2.4 Armour
 - Level 2.6 Shields


You had 2 spell levels left.
You didn't know any spells.

Dungeon Overview and Level Annotations

Branches:
Dungeon (2/15)

Altars:

Annotations:
D:3 FakerFangirl's ghost, weakling DrFi


Innate Abilities, Weirdness & Mutations

You have extremely sharp teeth.
When hurt, damage is shared between your health and your magic reserves.
Your bite disrupts and absorbs the magic of your enemies.
Potions cannot restore your health.
You are immune to rotting.


Message History

You hit the orc. You bite the orc. You drain its power.
You feel invigorated.
The orc is almost dead.
You hit the rat.
You kill the rat!
Your Fighting skill increases to level 4!
The orc hits you with a dagger. The orc barely misses you.
Unknown command.
You closely miss the orc. You bite the orc, but do no damage.
The orc is almost dead.
You hit FakerFangirl's ghost but do no damage.
FakerFangirl's ghost hits you!
* * * LOW HITPOINT WARNING * * *
The orc completely misses you.
You block FakerFangirl's ghost's attack.
Press: ? - help, v - describe, . - travel A rock wall.
You feel very mighty all of a sudden. You block the orc's attack.
FakerFangirl's ghost hits you!
Ouch! That really hurt!
You die...

#.. ### #.###..
...#.# # #.#.# ####
#.#...######....
#...............
#..(.#...# #....(.#
#..##@#######
#..##oW.....#
###..##....)..#
#....##.......####
#...#.###...........
....###.#
#.......#### .##
..##........#
#.##...).....# #.
#.#######.#


You could see FakerFangirl's ghost and an orc.

Vanquished Creatures
  An adder (D:3)
  An ooze (D:3)
  A dart slug (D:3)
  2 orcs (D:3)
  A bat zombie (D:2)
  A giant cockroach (D:1)
  6 goblins (D:1)
  A hobgoblin (D:1)
  2 kobolds
  3 bats
  A rat (D:3)
20 creatures vanquished.

Notes
Turn   | Place    | Note
-------+----------+-------------------------------------------
     0 | D:1      | KeyserSoze the Vine Stalker Fighter began the quest for the Orb.
     0 | D:1      | Reached XP level 1. HP: 11/11 MP: 2/2
    77 | D:1      | Reached skill level 3 in Fighting
   104 | D:1      | Reached XP level 2. HP: 15/16 MP: 3/3
   453 | D:2      | You fall through a shaft!
   460 | D:3      | Reached XP level 3. HP: 21/21 MP: 4/4
   495 | D:3      | Noticed FakerFangirl's ghost (weakling DrFi)
   508 | D:3      | Reached skill level 4 in Fighting
   510 | D:3      | Mangled by FakerFangirl's ghost

Skill      XL: |  1  2  3 |
---------------+----------+-----
Fighting       | 3 4 |  4.0
Axes           | |  1.7
Armour         | |  2.4
Shields        | |  2.6

Action                   || total
-------------------------++-------
Melee: War axe           ||    42
       Bite              ||     9
  Use: Potion            ||     1
Armor: Scale mail        ||    20
Dodge: Dodged            ||    18
Block: Shield            ||    33
